 Dungeon Crawl Stone Soup version 0.31-a0-851-g7ff8af7976 (webtiles) character file.

Game seed: 10032067519964346774

2466 croobank the Covert (level 9, -21/60 HPs)
             Began as an Octopode Ice Elementalist on Oct 7, 2023.
             Demolished by a two-headed ogre
             ... wielding a +0 giant club
              (29 damage)
             ... on level 7 of the Dungeon.
             The game lasted 00:16:41 (6130 turns).

croobank the Covert (Octopode Ice Elementalist)     Turns: 6130, Time: 00:16:42

Health: -21/60     AC:  1    Str:  7    XL:     9   Next: 51%
Magic:  0/16       EV: 15    Int: 21    God:
Gold:   357        SH:  0    Dex: 13    Spells: 9/18 levels left

rFire   . . .        i - +3 quarterstaff (spect)
rCold   . . .        (shield currently unavailable)
rNeg    . . .        (helmet restricted)
rPois   .            m - amulet of guardian spirit
rElec   .            b - ring of resist corrosion
rCorr   +            u - ring of see invisible
SInv    +            (no ring)
Will    .....        (no ring)
Stlth   +++++        (no ring)
HPRegen 0.30/turn    (no ring)
MPRegen 0.15/turn    (no ring)
                     (no ring)

%: guardian spirit
@: lethally poisoned (-21 -> -21), wereblooded, freezing walls, studying Staves
A: almost no armour, amphibious, 8 rings, camouflage 1, gelatinous body 1,
(nimble swimmer 1), tentacles
a: no special abilities


You were on level 7 of the Dungeon.
You visited 1 branch of the dungeon, and saw 7 of its levels.

You collected 357 gold pieces.

Inventory:

Hand Weapons
 a - a +0 dagger
 d - a +0 heavy war axe
 f - a +1 short sword of holy wrath
 g - a +3 dire flail
 i - a +3 spectral quarterstaff (weapon)
 p - a +1 dagger of protection
 q - a +2 great sword of freezing
 v - a +1 hand axe of venom
 w - a +2 flail of holy wrath
Missiles
 y - 2 curare-tipped darts (quivered)
Jewellery
 b - a ring of resist corrosion (left tentacle)
 m - an amulet of guardian spirit (around mantle)
 u - a ring of see invisible (right tentacle)
 x - a ring of ice
Wands
 e - a wand of flame (15)
 r - a wand of light (7)
Scrolls
 j - 2 scrolls of noise
Potions
 c - 6 potions of heal wounds
 h - 4 potions of enlightenment {unknown}
 k - a potion of lignification {unknown}
 l - 2 potions of curing {unknown}
 n - 2 potions of cancellation {unknown}
 o - a potion of mutation {unknown}
 s - a potion of haste {unknown}
 t - 2 potions of might {unknown}


   Skills:
 + Level 4.8 Fighting
 + Level 5.6 Dodging
 + Level 8.0 Stealth
 + Level 5.1 Spellcasting
 + Level 4.3 Transmutations
 + Level 6.5 Ice Magic


You had 9 spell levels left.
You knew the following spells:

 Your Spells              Type           Power      Damage    Failure   Level
a - Freeze                Ice            100%       1d10      1%          1
b - Frozen Ramparts       Ice            66%        1d10      2%          3
c - Ozocubu's Armour      Ice            33%        N/A       2%          3
d - Wereblood             Tmut           23%        N/A       2%          2

Your spell library contained the following spells:

 Spells                   Type           Power      Damage    Failure   Level
 Summon Ice Beast         Ice/Summ       19%        N/A       26%         4
 Irradiate                Conj/Tmut      7%         3d14      77%         5
 Iskenderun's Battlesphe  Conj           5%         2d6       96%         5
 Bombard                  Conj/Erth      2%         9d1       100%        6
 Spellforged Servitor     Conj/Summ      2%         N/A       100%        7


Dungeon Overview and Level Annotations

Branches:
Dungeon (7/15)
 Temple: D:4-7

Altars:
Vehumet

Annotations:
D:3 2 transporters, dualclasshuman's ghost, amateur SpSh
D:5 1 runed translucent door, Crazy Yiuf


Innate Abilities, Weirdness & Mutations

You cannot wear most types of armour.
You are amphibious.
You can wear up to eight rings at the same time.
Your skin changes colour to match your surroundings (Stealth+).
Your rubbery body absorbs attacks. (AC +1, EV +1)
((You are camouflaged when in or above water. (Stealth+)))
You have tentacles for arms and can constrict up to eight enemies at once.


Message History

The orc wizard is moderately wounded.
Your +3 spectral quarterstaff hits the orc wizard.
You howl as the wereblood boils in your veins!
You constrict the orc wizard, but do no damage.
You feel sick.
The wall freezes the orc priest but does no damage.
The wall freezes the orc warrior but does no damage.
The orc warrior hits you with a +0 trident.
The wall freezes the two-headed ogre.
The wall freezes the orc wizard but does no damage.
The orc wizard hits you with a +0 dagger.
The wall freezes the orc priest.
The orc priest invokes the aid of Beogh against you.
Beogh smites you!
The wall freezes the orc wizard!
The orc wizard barely misses you.
You hit the orc priest. You grab the orc priest. You squeeze the orc priest.
The orc priest is severely wounded.
You constrict the orc priest, but do no damage.
You constrict the orc wizard.
You feel sick.
The wall freezes the orc priest!
You feel a bit better.
You kill the orc priest!
The wall freezes the orc warrior but does no damage.
The orc warrior closely misses you.
The wall freezes the orc wizard but does no damage.
The orc wizard misses you.
The wall freezes the two-headed ogre.
The two-headed ogre misses you.
The two-headed ogre hits you with a +0 giant club!
The wall freezes the orc wizard.
Your Stealth skill increases to level 8!
You hit the two-headed ogre.
The two-headed ogre is lightly wounded.
You constrict the orc wizard.
You feel sick.
The wall freezes the orc wizard!
The orc wizard closely misses you.
The wall freezes the orc warrior.
The orc warrior hits you from afar with a +0 trident!
* * * LOW HITPOINT WARNING * * *
The wall freezes the orc wizard!
You feel a bit better.
You kill the orc wizard!
The wall freezes the two-headed ogre.
The two-headed ogre hits you with a +0 giant club!!
You die...

..#.#####.########
.#.#####.........
.........########
...####..#
####..#####
#.........#####
#.##......?.... #
#.#.##)#####
#.###..(@o# ...
#.#..#O......
#...#.###.#o.#####
####.# .##.... #.#
.# ..### ## .# ###
.# ..


You could see a two-headed ogre, an orc warrior, an orc wizard and a friendly +3
spectral quarterstaff.

Vanquished Creatures
  A yak (D:6)
  Edmund (D:5)
  3 sky beasts (D:6)
  4 ogres
  A centaur (D:6)
  2 bullfrogs
  7 scorpions
  2 wights (D:6)
  A howler monkey (D:5)
  A quasit (D:6)
  2 orc priests
  4 jellies
  2 gnoll boudas (D:6)
  4 iguanas (D:6)
  A sleepcap (D:6)
  Ijyb (D:5)
  3 orc wizards
  A hound zombie (D:2)
  7 gnolls (D:6)
  10 adders
  4 shadow imps
  2 white imps (D:6)
  6 ufetubi
  An adder zombie (D:2)
  6 dart slugs
  17 orcs
  7 ball pythons
  7 bats
  A bat zombie (D:2)
  6 endoplasms
  2 giant cockroaches (D:4)
  2 hobgoblins
  3 jackals (D:1)
  8 kobolds
  2 quokkas
  2 frilled lizards
  A giant cockroach zombie (D:2)
  4 goblins
  4 rats
143 creatures vanquished.

Notes
Turn   | Place    | Note
-------+----------+-------------------------------------------
     0 | D:1      | croobank the Octopode Ice Elementalist began the quest for
                  | the Orb.
     0 | D:1      | Reached XP level 1. HP: 11/11 MP: 3/3
   109 | D:1      | Reached skill level 3 in Stealth
   109 | D:1      | Reached XP level 2. HP: 9/17 MP: 1/5
   343 | D:1      | Reached XP level 3. HP: 21/21 MP: 6/6
   389 | D:1      | Learned a level 3 spell: Frozen Ramparts
   726 | D:2      | Reached XP level 4. HP: 25/27 MP: 5/7
   966 | D:2      | Reached skill level 4 in Stealth
  1372 | D:3      | Learned a level 3 spell: Ozocubu's Armour
  1375 | D:3      | Reached XP level 5. HP: 15/32 MP: 2/9
  1778 | D:3      | Found a transporter.
  1778 | D:3      | Noticed dualclasshuman's ghost (amateur SpSh)
  1801 | D:3      | Learned a level 2 spell: Wereblood
  1824 | D:3      | Found a transporter.
  1976 | D:3      | Reached skill level 1 in Fighting
  2222 | D:4      | Reached XP level 6. HP: 38/38 MP: 1/10
  2229 | D:4      | Reached skill level 1 in Transmutations
  3108 | D:4      | Found a radiant altar of Vehumet.
  3276 | D:5      | Entered Level 5 of the Dungeon
  3372 | D:5      | Noticed Ijyb
  3383 | D:5      | Killed Ijyb
  3384 | D:5      | Reached skill level 5 in Ice Magic
  3399 | D:5      | Reached skill level 5 in Stealth
  3702 | D:5      | Reached XP level 7. HP: 41/45 MP: 6/12
  3995 | D:5      | Noticed Edmund
  4005 | D:5      | Killed Edmund
  4100 | D:5      | Found a runed translucent door.
  4101 | D:5      | Noticed Crazy Yiuf
  4473 | D:6      | Reached skill level 6 in Stealth
  4473 | D:6      | Reached XP level 8. HP: 32/51 MP: 5/13
  5058 | D:6      | Reached skill level 7 in Stealth
  5265 | D:6      | Reached skill level 5 in Dodging
  5316 | D:6      | Noticed a yak
  5326 | D:6      | Reached XP level 9. HP: 58/58 MP: 7/16
  5653 | D:6      | Reached skill level 5 in Spellcasting
  6125 | D:7      | Noticed a two-headed ogre
  6130 | D:7      | Reached skill level 8 in Stealth
  6130 | D:7      | Demolished by a two-headed ogre

Illustrated notes

Levels and vault maps discovered:
D:1:      erik_arrival_orb_chamber, layout_rooms
D:2:      layout_rooms, serial_undead, serial_undead_e, serial_undead_b,
          serial_undead_c, serial_undead_a, serial_undead_f, serial_undead_b
D:3:      layout_loops_ring, gammafunk_ghost_mausoleum,
          hangedman_decor_clover_reticule, eino_tiny_chamber,
          kennysheep_generic_room_11
D:4:      layout_loops_ring, vehumet_crystals, minmay_vboxes
D:5:      layout_loops_ring, uniq_edmund, uniq_crazy_yiuf_cottage, uniq_ijyb
D:6:      cheibrodos_barr_body, layout_basic, serial_demonic, serial_demonic_b,
          serial_demonic_d, serial_demonic_e, serial_demonic_a
D:7:      layout_loops_ring, minmay_temple_entry_tees, guppyfry_shop_venom

Skill      XL: |  1  2  3  4  5  6  7  8  9 |
---------------+----------------------------+-----
Stealth        | 3 4 5 6 7 8 |  8.0
Dodging        | 3 4 5 |  5.6
Fighting       | 1 2 4 |  4.8
Spellcasting   | 3 4 5 |  5.1
Transmutations | 1 2 3 4 |  4.3
Ice Magic      | 5 6 |  6.5

Action                     |  1- 3 |  4- 6 |  7- 9 || total
---------------------------+-------+-------+-------++-------
  Melee: Unarmed           |     6 |       |       ||     6
         Tentacles         |     5 |    20 |    29 ||    54
         Short sword       |    18 |    24 |       ||    42
         Dagger            |     8 |       |       ||     8
         Constrict         |     5 |    23 |    29 ||    57
         Punch             |     1 |     6 |       ||     7
         Quarterstaff      |       |    57 |    94 ||   151
  Throw: Dart              |       |     3 |     8 ||    11
   Cast: Freeze            |    16 |     5 |       ||    21
         Frozen Ramparts   |     2 |    16 |    24 ||    42
         Ozocubu's Armour  |       |    10 |    16 ||    26
         Wereblood         |       |     3 |     6 ||     9
  Evoke: Wand              |       |       |     2 ||     2
    Use: Potion            |     1 |       |     1 ||     2
         Scroll            |     2 |     7 |     3 ||    12
   Stab: Sleeping          |    12 |     8 |     5 ||    25
         Distracted        |       |     1 |       ||     1
 Armour: Skin              |    16 |    39 |    68 ||   123
  Dodge: Dodged            |    27 |    61 |    72 ||   160

Table legend: (Time is in decaauts)
 A = Elapsed time spent in this place.
 B = Non-inter-level travel time spent in this place.
 C = Inter-level travel time spent in this place.
 D = Time resting spent in this place.
 E = Time spent auto-exploring this place.
 F = Levels seen in this place.
 G = Mean time per level.
                   A        B        C        D        E       F      G
               +--------+--------+--------+--------+--------+-----+--------+
         Total |   6178 |   5962 |    216 |   1127 |   3745 |   7 |  882.6 |
       Dungeon |   6178 |   5962 |    216 |   1127 |   3745 |   7 |  882.6 |
               +--------+--------+--------+--------+--------+-----+--------+

Top non-repeatable levels by time:
     D:6: 1558 daAuts
     D:5: 1249 daAuts
     D:4: 1073 daAuts
     D:3: 901 daAuts
     D:1: 685 daAuts
     D:2: 626 daAuts
     D:7: 83 daAuts
